 Dungeon Crawl Stone Soup version 0.23.2 (webtiles) character file.

Game seed: 14223196881570396909

2204 Kairos the Spear-Bearer (level 9, -11/72 HPs)
             Began as a Formicid Abyssal Knight on Apr 9, 2019.
             Was an Elder of Lugonu.
             Mangled by an orc warrior
             ... wielding a +2 trident of venom
              (14 damage)
             ... on level 7 of the Dungeon.
             The game lasted 00:09:33 (6615 turns).

Kairos the Spear-Bearer (Formicid Abyssal Knight)   Turns: 6615, Time: 00:09:34

Health: -11/72     AC: 14    Str: 20    XL:     9   Next: 60%
Magic:  10/10      EV:  8    Int: 12    God:    Lugonu [****..]
Gold:   586        SH:  0    Dex: 10    Spells: 8/8 levels left

rFire    . . .     SeeInvis +   w - +0 trident
rCold    . . .     Gourm    .   (no shield)
rNeg     . . .     Faith    .   k - +0 chain mail
rPois    .         Spirit   .   (helmet unavailable)
rElec    .         Reflect  .   (no cloak)
rCorr    .         Harm     +   f - +2 pair of gloves
MR       +....                  (no boots)
Stlth    ..........             B - amulet of harm
HPRegen  0.22/turn              d - ring of protection from magic
MPRegen  0.12/turn              o - ring of stealth

@: lethally poisoned (-11 -> -27)
A: permanent stasis, dig shafts and tunnels, four strong arms, antennae 3,
shaggy fur 1, wild magic 1
a: Dig, Shaft Self, Depart the Abyss, Bend Space, Banish, Corrupt, Renounce
Religion


You were on level 7 of the Dungeon.
You worshipped Lugonu.
Lugonu was greatly pleased with you.
You were not hungry.

You visited 1 branch of the dungeon, and saw 7 of its levels.
You visited the Abyss 1 time.
You also visited: Ossuary.

You collected 586 gold pieces.

Inventory:

Hand Weapons
 w - a +0 trident (weapon)
Missiles
 s - 4 tomahawks (quivered)
Armour
 f - a +2 pair of gloves (worn)
 k - a +0 chain mail (worn)
Magical Staves
 A - an uncursed staff of wizardry {unknown}
Jewellery
 d - a ring of protection from magic (left hand)
 o - a ring of stealth (right hand)
 v - an uncursed ring of flight
 B - an amulet of harm (around neck)
Wands
 r - a wand of digging (2)
Scrolls
 a - a scroll of noise {unknown}
 b - 8 scrolls of identify
 e - 4 scrolls of remove curse
 m - 2 scrolls of teleportation {unknown}
 n - 3 scrolls of enchant armour {unknown}
 p - a scroll of amnesia {unknown}
 q - 5 scrolls of magic mapping {unknown}
 u - a scroll of immolation {unknown}
 y - a scroll of random uselessness {unknown}
Potions
 g - a potion of degeneration
 i - a potion of berserk rage
 t - a potion of brilliance
 x - a potion of agility
Comestibles
 c - 7 rations


   Skills:
 + Level 7.2 Fighting
 + Level 8.8 Polearms
 + Level 6.1 Armour
 + Level 2.4 Dodging
 + Level 1.6 Stealth
 + Level 2.6 Invocations


You had 8 spell levels left.
You didn't know any spells.
Your spell library was empty.

Dungeon Overview and Level Annotations

Branches:
Dungeon (6/15)             Temple (0/1) D:4

Altars:
Hepliaklqana
Kikubaaqudgha
Nemelex Xobeh
Ru
Uskayaw
The Shining One


Innate Abilities, Weirdness & Mutations

You cannot be hasted, slowed, berserked, paralysed or teleported.
You can dig through walls and to a lower floor.
Your four strong arms can wield two-handed weapons with a shield.
You have a pair of large antennae on your head. (SInv)
You are covered in fur. (AC +1)
Your spells are a little harder to cast, but a little more powerful.


Message History

Your resistance to elements expires.
You feel sick. The orc barely misses you.
You feel sick.
The orc warrior hits you with a +2 trident of venom.
* * * LOW HITPOINT WARNING * * *
You are lethally poisoned!
The orc barely misses you.
Things that are here:
a +0 dagger; a +0 robe; a hippogriff corpse You barely miss the orc warrior.
* * * LOW HITPOINT WARNING * * *
You feel sick.
The orc warrior hits you but does no damage.
You are more poisoned.
You hit the orc warrior but do no damage.
* * * LOW HITPOINT WARNING * * *
You feel sick. The orc hits you.
* * * LOW HITPOINT WARNING * * *
The orc warrior hits you with a +2 trident of venom!
You die...

#. ### ### #### #.. ..# # #..
...# #.# #.# .# #.#
######.###.#####.# .# #.#
#..(..........##.# ..#
#.###(##(#........##.##^.#
.....(###).###.o#.##.#...####
..###)##...##...@o...........
..# #.##.....>..#.####.#.###.
..# #.#.......#.#.# .# ...
.......####.#.# o#
.####.#.#### #.#.# ..o ..
.....# #.#.# .. ## ##.###
..... ... #.# #.#.# {... #.#
#.#


You could see an orc warrior and an orc.

Vanquished Creatures
  Grinder (D:3)
  A hippogriff (D:7)
  Sigmund (D:4)
  A hornet zombie (D:7)
  A phantom (D:6)
  3 ogres
  A sky beast (D:5)
  A necrophage (D:5)
  A centaur (D:5)
  A bullfrog (D:5)
  A water moccasin skeleton (D:4)
  3 howler monkeys
  3 centaur zombies (Ossuary)
  A human zombie (Ossuary)
  A jelly (D:6)
  2 hounds
  2 orc priests (D:4)
  Ijyb (D:2)
  2 iguanas (D:4)
  An orc wizard (D:7)
  A worker ant (D:4)
  2 big kobold zombies (Ossuary)
  2 hound skeletons (D:4)
  2 mummies (Ossuary)
  A worker ant zombie (D:5)
  4 gnolls (D:7)
  7 adders
  An ooze (D:2)
  A worm (D:2)
  2 dart slugs
  2 leopard geckos (D:3)
  22 orcs
  7 giant cockroaches
  5 gnoll zombies (Ossuary)
  11 goblins
  6 hobgoblins
  10 jackals
  3 quokkas
  2 ball pythons
  6 bats
  4 frilled lizards
  2 goblin zombies (Ossuary)
  5 kobolds
  A leopard gecko skeleton (D:7)
  An orc zombie (Ossuary)
  10 rats
149 creatures vanquished.

Notes
Turn   | Place    | Note
-------+----------+-------------------------------------------
     0 | Abyss:1  | Kairos the Formicid Abyssal Knight began the quest for the
                  | Orb.
     0 | Abyss:1  | Reached XP level 1. HP: 18/18 MP: 2/2
    73 | Abyss:1  | Noticed a neqoxec
    74 | Abyss:1  | Gained mutation: Scrolls take you a little longer to read.
                  | [a neqoxec]
   103 | Abyss:1  | Noticed a tentacled starspawn
   110 | Abyss:1  | Noticed a large abomination
   141 | Abyss:1  | Noticed a tentacled starspawn
   141 | Abyss:1  | Noticed a wretched star
   147 | Abyss:1  | Noticed a starcursed mass
   154 | D:1      | Escaped the Abyss
   343 | D:1      | Reached XP level 2. HP: 24/24 MP: 3/3
   367 | D:1      | Reached * piety under Lugonu
   838 | D:1      | Reached XP level 3. HP: 29/30 MP: 4/4
  1055 | D:1      | Lost mutation: Scrolls take you a little longer to read.
                  | [potion of mutation]
  1055 | D:1      | Gained mutation: Your spells are a little harder to cast,
                  | but a little more powerful. [potion of mutation]
  1055 | D:1      | Gained mutation: You are covered in fur. (AC +1) [potion of
                  | mutation]
  1079 | D:2      | Found a sparkling altar of Nemelex Xobeh.
  1324 | D:2      | Reached XP level 4. HP: 35/37 MP: 5/5
  1422 | D:2      | Noticed Ijyb
  1472 | D:2      | Killed Ijyb
  1472 | D:2      | Reached skill level 3 in Polearms
  1472 | D:2      | Reached skill level 1 in Dodging
  1777 | D:2      | Reached XP level 5. HP: 37/43 MP: 6/6
  1779 | D:2      | Reached ** piety under Lugonu
  1788 | D:2      | Found a hide-covered altar of Uskayaw.
  2435 | D:3      | Noticed Grinder
  2956 | D:3      | Found an ancient bone altar of Kikubaaqudgha.
  3151 | D:4      | Found a sand-covered staircase.
  3151 | D:4      | Noticed an ogre
  3154 | Ossuary  | Entered an ossuary
  3409 | Ossuary  | Reached XP level 6. HP: 41/49 MP: 7/7
  3423 | Ossuary  | Reached skill level 4 in Polearms
  3584 | Ossuary  | Reached *** piety under Lugonu
  4585 | D:4      | You fall through a shaft for 2 floors!
  4604 | D:6      | Reached XP level 7. HP: 54/55 MP: 8/8
  4609 | D:5      | Entered Level 5 of the Dungeon
  4627 | D:4      | Reached skill level 5 in Fighting
  4627 | D:4      | Reached skill level 5 in Polearms
  4982 | D:4      | Noticed Sigmund
  5020 | D:4      | Killed Sigmund
  5020 | D:4      | Reached skill level 6 in Polearms
  5020 | D:4      | Reached XP level 8. HP: 62/63 MP: 9/9
  5108 | D:3      | Killed Grinder
  5108 | D:3      | Reached skill level 1 in Stealth
  5152 | D:4      | Found a staircase to the Ecumenical Temple.
  5207 | D:4      | Reached skill level 7 in Polearms
  5558 | D:5      | Reached skill level 5 in Armour
  5558 | D:5      | Reached XP level 9. HP: 69/71 MP: 10/10
  5724 | D:5      | Reached skill level 8 in Polearms
  5780 | D:5      | Found a hazy altar of Hepliaklqana.
  5884 | D:5      | Found a sacrificial altar of Ru.
  6173 | D:5      | Found a glowing golden altar of the Shining One.
  6295 | D:6      | You fall through a shaft!
  6318 | D:7      | Reached **** piety under Lugonu
  6585 | D:7      | Noticed a hippogriff
  6609 | D:7      | Killed a hippogriff
  6615 | D:7      | HP: 3/72 [orc (1)]
  6615 | D:7      | Mangled by an orc warrior

Skill      XL: |  1  2  3  4  5  6  7  8  9 |
---------------+----------------------------+-----
Fighting       | 4 5 6 7 |  7.2
Polearms       | 3 4 6 7 8 |  8.8
Armour         | 3 4 5 6 |  6.1
Dodging        | 1 2 |  2.4
Stealth        | 1 |  1.6
Invocations    | |  2.6

Action                   |  1- 3 |  4- 6 |  7- 9 || total
-------------------------+-------+-------+-------++-------
Melee: Spear             |   114 |   169 |       ||   283
       Trident           |       |   165 |   332 ||   497
Invok: Depart the Abyss  |     1 |       |       ||     1
       Bend Space        |       |     1 |       ||     1
 Abil: Dig               |     3 |       |     1 ||     4
       Shaft Self        |       |     1 |       ||     1
  Use: Scroll            |     2 |       |       ||     2
       Potion            |     1 |     1 |     9 ||    11
 Stab: Invisible         |       |       |     2 ||     2
  Eat: Chunk             |     2 |     5 |     6 ||    13
       Ration            |       |     1 |     1 ||     2
Armor: Leather armour    |    11 |       |       ||    11
       Chain mail        |    35 |   226 |   147 ||   408
Dodge: Dodged            |    27 |   140 |   137 ||   304
